 Dungeon Crawl Stone Soup version 0.17-a0-1778-gd369669 (webtiles) character file.

119 LordBones the Skirmisher (level 4, -3/41 HPs)
             Began as a Draconian Abyssal Knight on Sept 8, 2015.
             Was a Priest of Lugonu.
             Slain by a gnoll
             ... wielding a +0 spear
              (6 damage)
             ... on level 3 of the Dungeon.
             The game lasted 00:15:59 (2123 turns).

LordBones the Skirmisher (Draconian Abyssal Knight) Turns: 2123, Time: 00:15:59

Health: -3/41      AC:  5    Str: 15    XL:     4   Next: 73%
Magic:  5/5        EV: 12    Int: 13    God:    Lugonu [***...]
Gold:   86         SH:  3    Dex: 14    Spells: 0 memorised, 3 levels left

rFire  . . .     SeeInvis .     a - +1 mace
rCold  . . .     Clarity  .     (armour unavailable)
rNeg   . . .     SustAt   .     m - +0 buckler
rPois  .         Gourm    .     (helmet restricted)
rElec  .         Spirit   .     (no cloak)
rCorr  .         Warding  .     (no gloves)
rMut   .         Rnd*Tele +     (no boots)
MR     .....                    (no amulet)
Stlth  +.........               p - ring of teleportation (curse)
                                k - +4 ring of dexterity

@: not resistant to hostile enchantments, very unstealthy
A: unfitting armour, cold-blooded, AC +5
a: Depart the Abyss, Bend Space, Banish, Renounce Religion, Evoke Teleportation


You were on level 3 of the Dungeon.
You worshipped Lugonu.
Lugonu was most pleased with you.
You were not hungry.

You visited 1 branch of the dungeon, and saw 3 of its levels.
You visited the Abyss 1 time.

You collected 86 gold pieces.

Inventory:

Hand weapons
 a - a +1 mace (weapon)
Missiles
 e - 30 poisoned needles
 n - 6 tomahawks (quivered)
Armour
 c - a +0 leather armour
 g - a +0 robe
 m - a +0 buckler (worn)
 o - a +0 robe
Jewellery
 k - a +4 ring of dexterity (left hand)
 l - an uncursed ring of see invisible
 p - a cursed ring of teleportation (right hand)
Scrolls
 f - 2 scrolls of identify
 h - a scroll of fear
Potions
 d - 2 potions of haste
 i - a potion of agility {unknown}
Comestibles
 b - 4 bread rations
 j - a meat ration


   Skills:
 + Level 4.3 Fighting
 + Level 2.7 Maces & Flails
 + Level 3.4 Dodging
 + Level 0.6 Stealth
 + Level 0.2 Shields
 + Level 2.1 Invocations


You had 3 spell levels left.
You didn't know any spells.

Dungeon Overview and Level Annotations

Branches:
Dungeon (3/15)

Altars:
Nemelex Xobeh
Qazlal


Innate Abilities, Weirdness & Mutations

Your plain brown scales are hard (AC +5).
Your body does not fit into most forms of armour.
You are cold-blooded and may be slowed by cold attacks.


Message History

Your tail-slap misses the goblin.
The gnoll misses you. The goblin barely misses you.
You closely miss the goblin.
Your tail-slap misses the goblin.
The gnoll hits you but does no damage. The gnoll misses you.
The goblin closely misses you. You block the goblin's attack.
The goblin closely misses you. The gnoll hits you with a spear!
* * * LOW HITPOINT WARNING * * *
There is an open door, spattered with blood here.
Things that are here:
a club; a hobgoblin corpse The goblin barely misses you.
You hit the goblin.
The goblin is heavily wounded.
The gnoll misses you. The goblin barely misses you.
The goblin barely misses you. The gnoll closely misses you.
You sock the goblin!
You kill the goblin!
Lugonu accepts your kill.
The gnoll hits you from afar with a spear.
You die...

#####
#...###############
#...#..............
#.)g#..............
#g##..............
#@g....########...
#......# #...
#......########...
#+##...)()...(....
#.....)........
#..............
###############
≈#####≈≈≈≈≈≈≈≈≈≈≈
≈≈≈≈≈≈≈≈≈≈≈≈≈≈≈≈≈


You could see a gnoll and 2 goblins.

Vanquished Creatures
  2 adders (D:2)
  4 worms
  3 giant geckos
  A ball python (D:2)
  6 bats
  14 hobgoblins
  8 kobolds
  3 giant cockroaches
  6 giant newts
  18 goblins
  10 jackals
  7 rats
82 creatures vanquished.

Vanquished Creatures (others)
  54 starspawn tentacle segments (Abyss:2)
54 creatures vanquished.

Grand Total: 136 creatures vanquished

Notes
Turn   | Place    | Note
--------------------------------------------------------------
     0 | Abyss:1  | LordBones the Draconian Abyssal Knight began the quest for the Orb.
     0 | Abyss:1  | Reached XP level 1. HP: 19/19 MP: 2/2
   165 | Abyss:2  | Noticed a tentacled starspawn
   171 | D:1      | Escaped the Abyss
   272 | D:1      | Acquired Lugonu's first power
   347 | D:1      | Reached XP level 2. HP: 12/27 MP: 3/3
   624 | D:1      | Reached skill level 4 in Fighting
   888 | D:2      | Reached XP level 3. HP: 22/33 MP: 4/4
   956 | D:2      | Acquired Lugonu's second power
  1175 | D:2      | Found a stormy altar of Qazlal.
  1285 | D:1      | Reached XP level 4. HP: 38/40 MP: 5/5
  1494 | D:2      | Found a sparkling altar of Nemelex Xobeh.
  2014 | D:3      | Acquired Lugonu's third power
  2120 | D:3      | HP: 2/41 [gnoll/spear (9)]
  2123 | D:3      | Slain by a gnoll

Vault maps used:
D:1:      dpeg_arrival_water_altar
D:2:      overflow_temple_1_default, minmay_misc_feat_four_crosses,
          nemelex_spade_bored_becter, uniq_crazy_yiuf_cottage
D:3:      minmay_goblin_kobold_castle, first_bread, minmay_rat_hole
Abyss:1:  hangedman_decor_riveting

Action                   |  1- 3 |  4- 6 || total
-------------------------+-------+-------++-------
Melee: Mace              |   128 |    98 ||   226
Invok: Depart the Abyss  |     1 |       ||     1
  Use: Potion            |     1 |       ||     1
       Scroll            |     1 |     2 ||     3
 Stab: Sleeping          |     1 |     1 ||     2
  Eat: Bread ration      |     1 |       ||     1
